 Dungeon Crawl Stone Soup version 0.31-a0-180-g519b7de00c (webtiles) character file.

Game seed: 454183205444048393

198 ragingrage the Slasher (level 5, -22/41 HPs)
             Began as a Barachi Chaos Knight on June 19, 2023.
             Was a Plaything of Xom.
             Annihilated by an ogre
             ... wielding a +0 giant club
              (39 damage)
             ... on level 4 of the Dungeon.
             The game lasted 00:02:22 (2454 turns).

ragingrage the Slasher (Barachi Chaos Knight)       Turns: 2454, Time: 00:02:23

Health: -22/41     AC:  8    Str: 18    XL:     5   Next: 77%
Magic:  5/5        EV:  5    Int: 11    God:    Xom [...*..]
Gold:   128        SH:  0    Dex: 19    Spells: 4/4 levels left

rFire   . . .        k - +0 long sword
rCold   + . .        (no shield)
rNeg    . . .        s - +0 plate armour of Activism {Regen+ Str+2 Dex+3}
rPois   .            (no helmet)
rElec   .            (no cloak)
rCorr   .            n - +1 pair of gloves
SInv    .            (no boots)
Will    .....        o - amulet of magic regeneration Stlth
                     i - ring of protection from cold
HPRegen 1.06/turn    (no ring)
MPRegen 0.49/turn

%: no passive effects
@: unable to read, slow
A: amphibious, slowness 1, strong legs 1, +LOS, agile 1, deformed body, strong
1, inability to read after injury 1, MP-powered wands
a: Hop, Renounce Religion


You were on level 4 of the Dungeon.
You worshipped Xom.
You were a favourite toy of Xom.
You visited 1 branch of the dungeon, and saw 4 of its levels.

You collected 128 gold pieces.

Inventory:

Hand Weapons
 k - a +0 long sword (weapon)
 B - a +2 dagger of draining
Missiles
 t - 7 poisoned darts
Armour
 b - a +2 leather armour
 j - an orb of guile
 n - a +1 pair of gloves (worn)
 r - a +1 leather armour of cold resistance
 s - the +0 plate armour of Activism (worn) {Regen+ Str+2 Dex+3}
   (You found it on level 3 of the Dungeon)

   Str:       It affects your strength (+2).
   Dex:       It affects your dexterity (+3).
   Regen:     It increases your rate of health regeneration.
 C - a +0 pair of boots
Jewellery
 i - a ring of protection from cold (left hand)
 o - an amulet of magic regeneration (around neck)
 y - a ring of poison resistance
Scrolls
 d - 4 scrolls of identify {unknown}
 h - a scroll of silence {unknown}
 p - a scroll of vulnerability {unknown}
 q - a scroll of fog {unknown}
 u - a scroll of immolation {unknown}
 w - a scroll of blinking {unknown}
 z - a scroll of revelation {unknown}
 A - a scroll of enchant weapon {unknown}
Potions
 a - 2 potions of mutation {unknown}
 e - a potion of might {unknown}
 f - 2 potions of heal wounds {unknown}
 g - a potion of haste {unknown}
 l - a potion of enlightenment {unknown}
 m - a potion of attraction {unknown}
 v - 2 potions of curing {unknown}
 x - a potion of degeneration {unknown}
Miscellaneous
 c - a piece from Xom's chessboard (13/15) (quivered)


   Skills:
 - Level 3.6 Fighting
 + Level 7.5 Long Blades
 - Level 2.4 Armour
 - Level 1.1 Dodging


You had 4 spell levels left.
You didn't know any spells.
Your spell library was empty.

Dungeon Overview and Level Annotations

Branches:
Dungeon (4/15)
 Temple: D:4-7

Altars:
Elyvilon
Hepliaklqana
Kikubaaqudgha
Nemelex Xobeh
Uskayaw
Vehumet
Xom

Annotations:
D:4 Natasha


Innate Abilities, Weirdness & Mutations

You are amphibious.
You cover ground slowly.
You can hop short distances.
You have an extended range of vision and can be seen from far away.
You are agile. (Dex +4, Str/Int -1)
Armour fits poorly on your strangely shaped body.
Your muscles are strong. (Str +4, Int/Dex -1)
You occasionally lose the ability to read scrolls when taking damage.
You expend magic power (3 MP) to strengthen your wands.


Message History

You barely miss the scorpion.
The scorpion stings you but does no damage. x2
You barely miss the scorpion. The scorpion stings you.
You are poisoned.
The scorpion poisons you!
An ogre comes into view. It is wielding a +0 giant club.
You hit the scorpion but do no damage.
You feel sick.
The scorpion stings you but does no damage.
Throw: 9 darts (poison)
Press: ? - help, Shift-Dir - straight line, f - scorpion
Aim: a scorpion (62% to hit)
You throw a poisoned dart. The poisoned dart hits the scorpion.
The scorpion is poisoned.
You feel sick. The scorpion closely misses you. The scorpion stings you.
Throw: 8 darts (poison)
Press: ? - help, Shift-Dir - straight line, f/p - scorpion
Aim: a scorpion (lightly wounded, poisoned, 62% to hit)
You throw a poisoned dart. The poisoned dart hits the scorpion.
The scorpion looks even sicker.
You feel sick. The scorpion stings you.
You barely miss the scorpion.
You feel sick. The scorpion stings you.
You slash the scorpion!
You feel sick. The scorpion closely misses you. The ogre barely misses you.
You closely miss the scorpion.
You feel sick.
You kill the scorpion!
Your Long Blades skill increases to level 7!
Non-targeted evoke: piece from Xom's chessboard (15/15)
Press: ? - help, Q - select action, (/) - cycle Dir - look around, f - activate You make a move on Xom's chessboard...
The ogre resists with some effort.
You feel sick.
You are no longer poisoned.
The ogre hits you with a +0 giant club!
Non-targeted evoke: piece from Xom's chessboard (14/15)
Press: ? - help, Q - select action, (/) - cycle Dir - look around, f - activate You make a move on Xom's chessboard...
The ogre seems to grow stronger.
The ogre hits you with a +0 giant club!!!
You feel threatened and lose the ability to read scrolls!
Ouch! That really hurt!
You die...
Xom is highly amused!

. ..# #..[.......##..
#.#..##./............
#.##....##.#.#......
#.................#
#.....#..........###
#..............#>..#
#......##......##.#####
#......#........#...(..
#....(@................
#.[...O..........#####
#..................# #
.................).######
#...#..................#.
..................####.__
........................_
........!......._..#####.
................_.# #)


You could see an ogre (strong).

Vanquished Creatures
  A scorpion (D:4)
  An orc priest (D:3)
  An orc wizard (D:4)
  3 adders
  A dart slug (D:1)
  4 orcs
  An endoplasm (D:4)
  2 giant cockroaches
  4 goblins
  5 hobgoblins
  2 jackals (D:1)
  5 quokkas
  6 ball pythons
  5 bats
  2 frilled lizards (D:3)
  5 kobolds
  3 rats
51 creatures vanquished.

Notes
Turn   | Place    | Note
-------+----------+-------------------------------------------
     0 | D:1      | ragingrage the Barachi Chaos Knight began the quest for the
                  | Orb.
     0 | D:1      | Reached XP level 1. HP: 18/18 MP: 1/1
     2 | D:1      | Noticed an electric eel
    80 | D:1      | Reached skill level 4 in Long Blades
   106 | D:1      | XOM: cloud trail
   114 | D:1      | You fall into a shaft and drop 1 floor!
   190 | D:2      | Reached XP level 2. HP: 9/24 MP: 2/2
   396 | D:2      | XOM: silly message
   677 | D:2      | XOM: confusion (+ monsters)
   684 | D:2      | Reached skill level 5 in Long Blades
   684 | D:2      | Reached XP level 3. HP: 29/29 MP: 3/3
   813 | D:3      | Found a hide-covered altar of Uskayaw.
   814 | D:3      | Found a white marble altar of Elyvilon.
   815 | D:3      | Found a radiant altar of Vehumet.
   840 | D:3      | XOM: scenery: create altars
   890 | D:3      | Identified the +0 plate armour of Activism {Regen+ Str+2
                  | Dex+3}
  1065 | D:3      | Reached skill level 6 in Long Blades
  1065 | D:3      | Reached XP level 4. HP: 12/36 MP: 4/4
  1091 | D:3      | Found a hazy altar of Hepliaklqana.
  1095 | D:3      | Found a faded altar of an unknown god.
  1130 | D:3      | Found an ancient bone altar of Kikubaaqudgha.
  1315 | D:3      | Found a sparkling altar of Nemelex Xobeh.
  1469 | D:2      | XOM: give mutations
  1469 | D:2      | Gained mutation: Armour fits poorly on your strangely
                  | shaped body. [Xom's mischief]
  1469 | D:2      | Gained mutation: You expend magic power (3 MP) to
                  | strengthen your wands. [Xom's mischief]
  1469 | D:2      | Gained mutation: You are strong-willed. (Will+) [Xom's
                  | mischief]
  1469 | D:2      | Gained mutation: Your muscles are strong. (Str +4, Int/Dex
                  | -1) [Xom's mischief]
  1654 | D:1      | XOM: 2-stop teleportation journey
  1708 | D:1      | XOM: 1-stop teleportation journey
  2293 | D:1      | XOM: give mutations
  2293 | D:1      | Gained mutation: You are agile. (Dex +4, Str/Int -1) [Xom's
                  | mischief]
  2293 | D:1      | Lost mutation: You are strong-willed. (Will+) [Xom's
                  | mischief]
  2293 | D:1      | Gained mutation: You occasionally lose the ability to read
                  | scrolls when taking damage. [Xom's mischief]
  2347 | D:4      | Noticed Natasha
  2351 | D:4      | XOM: confusion
  2351 | D:4      | Noticed a scorpion
  2393 | D:4      | XOM: scenery: create altars
  2417 | D:4      | Reached XP level 5. HP: 36/40 MP: 5/5
  2443 | D:4      | XOM: noise
  2446 | D:4      | Noticed an ogre
  2453 | D:4      | Reached skill level 7 in Long Blades
  2454 | D:4      | Annihilated by an ogre

Illustrated notes

Levels and vault maps discovered:
D:1:      arrival_aquarium_a, layout_basic
D:2:      layout_basic
D:3:      layout_loops_cross, mainiacjoe_overflow_alcove_4,
          mainiacjoe_overflow_small_starburst,
          chequers_temple_overflow_statue_of_worship, lemuel_crystal_altar,
          dreamdust_ecumenical_altar_statues, kennysheep_generic_room_12
D:4:      layout_rooms, kennysheep_boxes, uniq_natasha

Skill      XL: |  1  2  3  4  5 |
---------------+----------------+-----
Long Blades    | 4 5 6 7 |  7.5
Fighting       | |  3.6
Armour         | |  2.4
Dodging        | |  1.1

Action                     |  1- 3 |  4- 6 || total
---------------------------+-------+-------++-------
  Melee: Falchion          |    14 |       ||    14
         Punch             |     2 |       ||     2
         Long sword        |    74 |    83 ||   157
  Throw: Dart              |       |     2 ||     2
  Evoke: Piece from Xom's  |       |     2 ||     2
 Armour: Leather armour    |    37 |       ||    37
         Plate armour      |    33 |    58 ||    91
  Dodge: Dodged            |    40 |    28 ||    68

Table legend: (Time is in decaauts)
 A = Elapsed time spent in this place.
 B = Non-inter-level travel time spent in this place.
 C = Inter-level travel time spent in this place.
 D = Time resting spent in this place.
 E = Time spent auto-exploring this place.
 F = Levels seen in this place.
 G = Mean time per level.
                   A        B        C        D        E       F      G
               +--------+--------+--------+--------+--------+-----+--------+
         Total |   2853 |   2577 |    276 |    187 |   1878 |   4 |  713.2 |
       Dungeon |   2853 |   2577 |    276 |    187 |   1878 |   4 |  713.2 |
               +--------+--------+--------+--------+--------+-----+--------+

Top non-repeatable levels by time:
     D:1: 1063 daAuts
     D:2: 893 daAuts
     D:3: 790 daAuts
     D:4: 106 daAuts
